 Dungeon Crawl Stone Soup version 0.18.1-8-gdd0e5ea (webtiles) character file.

5992 georgeearnest the Nimble (level 10, -3/100 HPs)
             Began as a Troll Monk on May 28, 2016.
             Was a High Priest of Pakellas.
             Slain by an unseen horror (5 damage)
             ... on level 10 of the Dungeon.
             The game lasted 00:28:37 (8357 turns).

georgeearnest the Nimble (Troll Monk)               Turns: 8357, Time: 00:28:38

Health: -3/100     AC:  7    Str: 19 (21) XL:     10   Next: 55%
Magic:  9/9        EV: 15    Int:  6      God:    Pakellas [*****.]
Gold:   397        SH:  0    Dex: 15      Spells: 0 memorised, 9 levels left

rFire  . . .     SeeInvis .     L - +4 spear of Nadiar {elec, rN+}
rCold  . . .     Gourm    +     a - +0 robe
rNeg   + . .     Faith    +     (no shield)
rPois  .         Spirit   .     (helmet restricted)
rElec  .         Dismiss  .     (no cloak)
rCorr  .         Reflect  .     (gloves unavailable)
SustAt .         Harm     .     (boots unavailable)
MR     ++...     Rnd*Rage +     g - amulet of faith
Stlth  ++........               I - +2 ring of protection
                                s - ring of protection from magic

@: very resistant to hostile enchantments, unstealthy
A: unfitting armour, claws 3, icy blue scales 1, berserk 1, blurry vision 1,
deformed body, fast metabolism 3, gourmand, magic resistance 1, regeneration 2,
shaggy fur 1, tough skin 2
a: Quick Charge, Device Surge, Renounce Religion


You were on level 10 of the Dungeon.
You worshipped Pakellas.
Pakellas was extremely pleased with you.
You were full.

You visited 1 branch of the dungeon, and saw 10 of its levels.
You also visited: Sewer.

You collected 397 gold pieces.

Inventory:

Hand Weapons
 L - the +4 spear of Nadiar (weapon) {elec, rN+}
   (You found it on level 6 of the Dungeon)

   Occasionally, upon striking a foe, it will discharge some electrical energy
   and cause terrible harm.
   It protects you from negative energy.
Missiles
 D - 4 throwing nets (quivered)
Armour
 a - a +0 robe (worn)
Rods
 y - a +5 rod of shadows (14/14)
   (Pakellas gifted it to you on level 7 of the Dungeon)
Jewellery
 e - an uncursed ring of fire
 f - a +5 amulet of reflection
 g - an amulet of faith (around neck)
 o - a cursed amulet of inaccuracy
 s - a ring of protection from magic (left claw)
 t - an uncursed ring of magical power
 I - a +2 ring of protection (right claw)
Wands
 q - a wand of slowing (19/48)
 r - a wand of confusion (26/48)
 v - a wand of paralysis (11/24)
 w - a wand of paralysis (13/24)
 N - a wand of iceblast (1/15)
Scrolls
 c - 2 scrolls of fog {unknown}
 h - 4 scrolls of random uselessness
 i - 3 scrolls of enchant armour {unknown}
 k - 5 scrolls of remove curse
 m - 2 scrolls of recharging
 C - a scroll of identify
 G - 2 scrolls of enchant weapon {unknown}
 H - 2 scrolls of amnesia
 J - a scroll of torment {unknown}
 K - a scroll of teleportation {unknown}
 P - a scroll of immolation {unknown}
Potions
 l - a potion of degeneration
 n - 4 potions of magic
 u - 4 potions of agility
 x - 2 potions of lignification
 z - 2 potions of brilliance
 A - 3 potions of might
 E - a potion of beneficial mutation {unknown}
Miscellaneous
 d - a fan of gales (inert)
Comestibles
 b - 6 bread rations
 j - 4 meat rations
 p - 2 slices of pizza
 F - 5 fruits


   Skills:
 + Level 6.4 Fighting
 * Level 4.3 Polearms
 + Level 9.7 Dodging
 + Level 2.7 Stealth
 - Level 7.1 Unarmed Combat
 + Level 1.1 Evocations


You had 9 spell levels left.
You didn't know any spells.

Dungeon Overview and Level Annotations

Branches:
Dungeon (10/15)            Temple (0/1) D:6            Lair (0/8) D:9
    Orc: D:9-12

Altars:
Dithmenos
Elyvilon
Gozag
Kikubaaqudgha
Okawaru
Pakellas
Qazlal
Ru
Sif Muna
Xom
The Shining One

Shops:
D:4 ?}

Annotations:
D:8 Grum
D:9 4 runed doors, georgeearnest's ghost, novice TrMo


Innate Abilities, Weirdness & Mutations

You are too large for most types of armour.
You have claws for hands.
Your metabolism is lightning-fast.
You like to eat raw meat.
You heal very quickly.
You are covered in fur (AC +1).
You have very tough skin (AC +2).
You are partially covered in icy blue scales (AC +1).
You tend to lose your temper in combat.
Scrolls take you a little longer to read.
Armour fits poorly on your strangely shaped body.
You are resistant to hostile enchantments.


Message History

Something hits you.
* * * LOW HITPOINT WARNING * * *
The troll bites you!
* * * LOW HITPOINT WARNING * * *
The troll claws you.
* * * LOW HITPOINT WARNING * * *
The troll closely misses you. Something barely misses you.
You hit something.
There is a sudden explosion of sparks!
Something hits you.
* * * LOW HITPOINT WARNING * * *
Unknown command.
Read which item? (? for menu, Esc to quit)
Okay, then.
A fierce wind blows from the fan.
The winds coalesce and take form.
The troll completely misses you. The troll misses you.
The troll barely misses you. Something hits you.
* * * LOW HITPOINT WARNING * * *
You hit something. Something hits you.
You die...
Pakellas says: That's one more possible approach eliminated.

........................
........................
........................
................?...)...
........................
...[....................
........................
................T...$...
................@.......
....................E...
......#.................
.....###................
......#.$.........../...
........................
.........................
.................................
.................................


You could see a troll and a friendly air elemental.

Vanquished Creatures
  The ghost of Cenon the Martial Artist, a novice DgTm (D:10)
  A hill giant (D:9)
  A troll (D:10)
  Prince Ribbit (D:6)
  A spriggan (D:7)
  4 yaks
  A wraith (D:10)
  A wyvern (D:9)
  The ghost of Scuka the Archer, an amateur CeHu (D:3)
  2 hippogriffs (D:7)
  A water moccasin (D:6)
  An orc warrior (D:6)
  2 black bears (D:7)
  An ice beast (D:10)
  3 sky beasts
  An ogre (D:4)
  2 crocodiles
  5 giant frogs
  2 scorpions
  A crimson imp (D:7)
  6 howler monkeys
  A quasit (D:7)
  3 jellies
  A giant frog zombie (D:5)
  5 hounds
  2 orc wizards
  2 giant frog skeletons
  5 orc priests
  A centaur skeleton (D:4)
  2 iguanas
  Natasha (twice) (D:3)
  2 worker ants
  A killer bee zombie (D:7)
  2 hound skeletons
  2 worker ant zombies (D:5)
  20 adders
  A gnoll (D:5)
  A shadow imp (D:6)
  4 oozes
  A worm (D:2)
  A dart slug (D:2)
  3 giant geckos
  35 orcs
  8 bats
  4 giant cockroaches
  7 goblins
  6 hobgoblins
  12 jackals
  12 kobolds
  6 quokkas
  4 ball pythons
  9 giant newts
  A quokka skeleton (D:7)
  25 rats
  3 fungi (D:9)
  8 plants
241 creatures vanquished.

Vanquished Creatures (collateral kills)
  The ghost of Scuka the Archer, an amateur CeHu (D:4)
  Menkaure (D:5)
  Edmund (D:6)
  Crazy Yiuf (D:4)
  A gnoll shaman (D:5)
  A howler monkey skeleton (D:6)
  4 gnolls (D:5)
  An adder skeleton (D:5)
  5 jackals
  A giant newt (D:5)
17 creatures vanquished.

Vanquished Creatures (others)
  A howler monkey (D:4)
  A hound (D:4)
  2 orc wizards (D:4)
  An orc (D:4)
  6 fungi (D:9)
  2 plants (D:9)
13 creatures vanquished.

Grand Total: 271 creatures vanquished

Notes
Turn   | Place    | Note
--------------------------------------------------------------
     0 | D:1      | georgeearnest the Troll Monk began the quest for the Orb.
     0 | D:1      | Reached XP level 1. HP: 22/22 MP: 0/0
     0 | D:1      | You fall through a shaft!
    25 | D:2      | Reached XP level 2. HP: 22/29 MP: 1/1
   161 | D:2      | Reached XP level 3. HP: 28/36 MP: 2/2
   254 | D:2      | Found an iron altar of Okawaru.
   634 | D:2      | Reached skill level 3 in Dodging
   650 | D:2      | Reached XP level 4. HP: 45/45 MP: 3/3
  1691 | D:3      | Reached XP level 5. HP: 40/53 MP: 4/4
  1732 | D:3      | Noticed Natasha
  1752 | D:3      | Killed Natasha
  1752 | D:3      | Reached skill level 5 in Unarmed Combat
  1850 | D:3      | Noticed Natasha
  1860 | D:3      | Killed Natasha
  1893 | D:3      | Found a sacrificial altar of Ru.
  2242 | D:3      | Noticed Scuka's ghost (amateur CeHu)
  2257 | D:3      | Killed Scuka's ghost
  2257 | D:3      | Reached skill level 4 in Dodging
  2257 | D:3      | Reached XP level 6. HP: 30/62 MP: 5/5
  2312 | D:3      | Found a stormy altar of Qazlal.
  2313 | D:3      | Found an oddly glowing altar of Pakellas.
  2331 | D:3      | Became a worshipper of Pakellas the Inventive
  2331 | D:3      | Reached * piety under Pakellas
  2331 | D:3      | Received a gift from Pakellas
  2331 | D:3      | Reached ** piety under Pakellas
  2331 | D:3      | Received a gift from Pakellas
  2366 | D:4      | Found a glowing golden altar of the Shining One.
  2487 | D:4      | Noticed Scuka's ghost (amateur CeHu)
  2516 | D:5      | Entered Level 5 of the Dungeon
  2688 | D:4      | Found a shimmering altar of Xom.
  2711 | D:4      | Reached XP level 7. HP: 45/68 MP: 6/6
  2963 | D:4      | Found a glowing drain.
  2967 | Sewer    | Entered a sewer
  3054 | Sewer    | Reached *** piety under Pakellas
  3054 | Sewer    | Received a gift from Pakellas
  3909 | D:4      | Found an oddly glowing altar of Pakellas.
  3909 | D:4      | Found Pakellas's Prime Provisions.
  3953 | D:4      | Killed Scuka's ghost
  3953 | D:4      | Reached skill level 5 in Dodging
  4002 | D:4      | Noticed Crazy Yiuf
  4009 | D:4      | Killed Crazy Yiuf
  4172 | D:4      | Found Qiecot's Magic Scroll Shoppe.
  4399 | D:5      | Reached **** piety under Pakellas
  4399 | D:5      | Received a gift from Pakellas
  4399 | D:5      | Reached XP level 8. HP: 57/79 MP: 7/7
  4492 | D:5      | Noticed Menkaure
  4525 | D:5      | Killed Menkaure
  5004 | D:6      | Reached skill level 6 in Dodging
  5067 | D:6      | Reached skill level 5 in Fighting
  5072 | D:6      | Noticed Prince Ribbit
  5391 | D:6      | Killed Prince Ribbit
  5495 | D:6      | Got a pitted spear
  5496 | D:6      | Identified the +4 spear of Nadiar {elec, rN+} (You found it on level 6 of the Dungeon)
  5639 | D:6      | Noticed Edmund
  5646 | D:6      | Killed Edmund
  5713 | D:6      | Found a staircase to the Ecumenical Temple.
  5902 | D:7      | Reached skill level 1 in Polearms
  5902 | D:7      | Reached skill level 7 in Dodging
  5902 | D:7      | Reached XP level 9. HP: 41/88 MP: 8/8
  6036 | D:7      | Found an opulent altar of Gozag.
  6273 | D:8      | Noticed Grum
  6489 | D:7      | Reached ***** piety under Pakellas
  6489 | D:7      | Received a gift from Pakellas
  6719 | D:7      | Found a deep blue altar of Sif Muna.
  6721 | D:7      | Found an ancient bone altar of Kikubaaqudgha.
  6721 | D:7      | Found a white marble altar of Elyvilon.
  6960 | D:7      | You fall through a shaft for 3 floors!
  6960 | D:10     | Entered Level 10 of the Dungeon
  6977 | D:10     | Reached skill level 8 in Dodging
  7092 | D:10     | Noticed Cenon's ghost (novice DgTm)
  7105 | D:10     | Noticed a hill giant
  7367 | D:9      | Killed a hill giant
  7367 | D:9      | Reached XP level 10. HP: 64/98 MP: 9/9
  7610 | D:9      | Reached skill level 9 in Dodging
  7630 | D:9      | Gained mutation: Scrolls take you a little longer to read. [mutagenic meat]
  7631 | D:9      | Gained mutation: You are resistant to hostile enchantments. [mutagenic meat]
  7632 | D:9      | Gained mutation: You are partially covered in icy blue scales (AC +1). [mutagenic meat]
  7662 | D:9      | Found a huge runed gate.
  7665 | D:9      | Found a huge runed gate.
  7665 | D:9      | Found a huge runed gate.
  7665 | D:9      | Found a huge runed gate.
  7665 | D:9      | Noticed a death yak
  7665 | D:9      | Noticed a griffon
  7667 | D:9      | Noticed a griffon
  7727 | D:9      | Found a staircase to the Lair.
  7783 | D:9      | Found a shadowy altar of Dithmenos.
  7815 | D:9      | Noticed georgeearnest's ghost (novice TrMo)
  7821 | D:9      | Gained mutation: Armour fits poorly on your strangely shaped body. [potion of mutation]
  7821 | D:9      | Gained mutation: You tend to lose your temper in combat. [potion of mutation]
  7968 | D:10     | Identified a +5 rod of shadows (14/14) (Pakellas gifted it to you on level 7 of the Dungeon)
  8022 | D:10     | Killed Cenon's ghost
  8022 | D:10     | Reached skill level 1 in Evocations
  8353 | D:10     | HP: 2/100 [troll (4)]
  8357 | D:10     | Slain by an unseen horror

Skill      XL: |  1  2  3  4  5  6  7  8  9 10 |
---------------+-------------------------------+-----
Fighting       | 3 4 5 6 |  6.4
Dodging        | 3 4 5 7 8 9 |  9.7
Unarmed Combat | 5 6 7 |  7.1
Stealth        | 2 |  2.7
Polearms       | 1 3 4 |  4.3
Evocations     | 1 |  1.1

Action                   |  1- 3 |  4- 6 |  7- 9 | 10-12 || total
-------------------------+-------+-------+-------+-------++-------
Melee: Unarmed           |    50 |   164 |   330 |       ||   544
       Punch             |     1 |     4 |    20 |     4 ||    29
       Spear             |       |       |   198 |   151 ||   349
Evoke: Box of beasts     |       |       |    10 |       ||    10
       Wand              |       |       |     4 |     6 ||    10
       Fan of gales      |       |       |       |     1 ||     1
  Use: Scroll            |       |       |     7 |     5 ||    12
       Potion            |       |       |    19 |     4 ||    23
 Stab: Sleeping          |       |     2 |       |       ||     2
       Paralysed         |       |       |     3 |       ||     3
  Eat: Chunk             |     8 |    20 |    41 |    12 ||    81
       Bread ration      |       |       |     1 |       ||     1
Armor: Robe              |    27 |    38 |   169 |    30 ||   264
       Skin              |       |       |    20 |     3 ||    23
Dodge: Dodged            |    34 |    84 |   426 |    92 ||   636
Block: Other             |       |    37 |    94 |       ||   131
       Reflection        |       |     1 |     3 |       ||     4
